 Dungeon Crawl Stone Soup version 0.31.0-11-ge490571c62 (webtiles) character file.

Game seed: 11910197319948320052

11 dave1331 the Cudgeller (level 2, 0/25 HPs)
             Began as a Minotaur Gladiator on Jan 28, 2024.
             Slain by a quokka (4 damage)
             ... on level 1 of the Dungeon.
             The game lasted 00:00:48 (247 turns).

dave1331 the Cudgeller (Minotaur Gladiator)          Turns: 247, Time: 00:00:49

Health: 0/25       AC:  0    Str: 18    XL:     2   Next: 17%
Magic:  1/1        EV: 12    Int:  5    God:
Gold:   15         SH:  0    Dex: 11    Spells: 1/1 levels left

rFire   . . .        a - +0 flail
rCold   . . .        (no shield)
rNeg    . . .        (no body armour)
rPois   .            c - +0 hat
rElec   .            (no cloak)
rCorr   .            (no gloves)
SInv    .            (no boots)
Will    .....        (no amulet)
Stlth   +            (no ring)
HPRegen 0.24/turn    (no ring)
MPRegen 0.07/turn

%: no passive effects
@: no status effects
A: horns 2, retaliatory headbutt
a: no special abilities


You were on level 1 of the Dungeon.
You visited 1 branch of the dungeon, and saw 1 of its levels.

You collected 15 gold pieces.

Inventory:

Hand Weapons
 a - a +0 flail (weapon)
Missiles
 e - a javelin
Armour
 b - a +0 leather armour
 c - a +0 hat (worn)
 f - a +0 chain mail
Scrolls
 g - a scroll of revelation {unknown}
Potions
 h - a potion of curing {unknown}


   Skills:
 + Level 2.5 Fighting
 + Level 4.1 Maces & Flails
 + Level 2.1 Throwing
 + Level 3.4 Dodging


You had one spell level left.
You didn't know any spells.
Your spell library was empty.

Dungeon Overview and Level Annotations

Branches:
Dungeon (1/15)

Altars:


Innate Abilities, Weirdness & Mutations

You have a pair of horns on your head.
You reflexively headbutt those who attack you in melee.


Message History

You see here 5 stones.
A rat and a hobgoblin come into view.
The rat squeaks loudly.
The hobgoblin shouts!
A kobold comes into view. It is wielding a +0 club.
There are monsters nearby!
You throw a throwing net.
The throwing net barely misses the hobgoblin.
A quokka comes into view.
You throw a throwing net.
The throwing net closely misses the hobgoblin.
Nothing quivered!
A rat comes into view.
The rat squeaks loudly.
The rat bites you.
You miss the quokka. The kobold hits you with a +0 club.
The rat barely misses you. The quokka bites you.
You barely miss the quokka. Your headbutt misses the quokka.
The rat misses you. You furiously retaliate!
You headbutt the rat!
You kill the rat!
The kobold misses you. You furiously retaliate!
You headbutt the kobold!
You kill the kobold!
The quokka closely misses you. The hobgoblin misses you.
The hobgoblin hits you. The quokka barely misses you.
You hit the quokka but do no damage. Your headbutt misses the quokka.
The quokka barely misses you. The hobgoblin barely misses you.
You furiously retaliate!
You headbutt the hobgoblin!
You kill the hobgoblin!
The rat closely misses you. The rat bites you.
You see here a hobgoblin corpse.
You closely miss the rat. You headbutt the rat.
The rat is heavily wounded.
The quokka bites you.
A bat comes into view.
The rat closely misses you. You furiously retaliate!
You headbutt the rat.
You kill the rat!
The quokka bites you.
* * * LOW HITPOINT WARNING * * *
You closely miss the quokka. The quokka bites you.
You die...

###.# #.#. #.# #...
########## #.###.##
.........########.......
.........##.....#####.#.
.........##.###.# #...
.........##.###.# ###.
.......r....(.#.# #.
..b...)@.##.#)#.# ##.
..........#.#.#.# #..
.....##...##....######..
..... 8...8#............
#... ##...#######.#.'#≈≈
#.. #(..#######...#...
#.. #(..##..>.....≈..<
8...8#...##...≈..⌠ ###
##..#...


You could see a quokka and a bat (wandering).

Vanquished Creatures
  4 hobgoblins (D:1)
  A ball python (D:1)
  A frilled lizard (D:1)
  2 goblins (D:1)
  A kobold (D:1)
  3 rats (D:1)
12 creatures vanquished.

Notes
Turn   | Place    | Note
-------+----------+-------------------------------------------
     0 | D:1      | dave1331 the Minotaur Gladiator began the quest for the
                  | Orb.
     0 | D:1      | Reached XP level 1. HP: 18/18 MP: 0/0
   105 | D:1      | Found a faded altar of an unknown god.
   227 | D:1      | Reached skill level 4 in Maces & Flails
   227 | D:1      | Reached XP level 2. HP: 25/25 MP: 1/1
   247 | D:1      | Slain by a quokka

Illustrated notes

Levels and vault maps discovered:
D:1:      dpeg_arrival_rooms_with_view, layout_loops_cross,
          hellmonk_ecumenical_altar_heavens_door, corexii_hall_statues_x

Skill      XL: |  1 |
---------------+----+-----
Maces & Flails | 4 |  4.1
Fighting       | |  2.5
Throwing       | |  2.1
Dodging        | |  3.4

Action                     || total
---------------------------++-------
  Melee: Flail             ||    11
         Headbutt          ||     2
  Throw: Throwing net      ||     5
   Stab: Held in net/web   ||     1
 Armour: Leather armour    ||     5
         Skin              ||     8
  Dodge: Dodged            ||    21
